 Dungeon Crawl Stone Soup version 0.30-a0-879-ga8ba668304 (webtiles) character file.

Game seed: 13335450036539095071

2942 avis the Martial Artist (level 9, -6/74 HPs)
             Began as a Hill Orc Transmuter on Mar 12, 2023.
             Was a Follower of Beogh.
             Mangled by an orc warlord
             ... wielding a +6 battleaxe
              (35 damage)
             ... in a bailey.
             The game lasted 00:51:01 (5612 turns).

avis the Martial Artist (Hill Orc Transmuter)       Turns: 5612, Time: 00:51:01

Health: -6/74      AC:  2    Str: 13    XL:     9   Next: 80%
Magic:  14/15      EV: 21    Int: 15    God:    Beogh [*.....]
Gold:   292        SH:  0    Dex: 18    Spells: 6/16 levels left

rFire   . . .      SeeInvis .    a - melded staff of poison
rCold   . . .      Faith    .    (shield currently unavailable)
rNeg    . . .      Spirit   .    C - melded +2 robe {rN+}
rPois   .          Reflect  .    m - melded +0 helmet
rElec   .          Rampage  .    e - melded +0 cloak
rCorr   .                        (gloves currently unavailable)
Will    .....                    I - melded +1 pair of boots
Stlth   ++                       h - amulet of regeneration
HPRegen 1.12/turn                w - ring of wizardry
MPRegen 0.14/turn                G - ring of poison resistance

@: spider-form (expiring), hasted, very quick
A: venomous fangs, tiny
a: End Transformation, Renounce Religion


You were in a bailey.
You worshipped Beogh.
Beogh was aware of your devotion.
You were a venomous arachnid creature.
You visited 2 branches of the dungeon, and saw 9 of its levels.
You also visited: Bailey.

You collected 292 gold pieces.

Inventory:

Hand Weapons
 b - a +2 shortbow of freezing
 o - a +0 spear
 r - a +0 spear
 D - a +0 halberd
 M - a +0 shortbow
 P - a +0 broad axe
Missiles
 j - 3 javelins
 A - a throwing net
 N - 19 boomerangs
Armour
 e - a +0 cloak (melded)
 l - a +0 kite shield
 m - a +0 helmet (melded)
 C - a +2 robe of positive energy (melded)
 F - a +0 buckler
 I - a +1 pair of boots (melded)
 Q - a +3 ring mail
Magical Staves
 a - a staff of poison (melded)
Jewellery
 c - a ring of protection from fire
 h - an amulet of regeneration (around neck)
 u - a ring of magical power
 w - a ring of wizardry (left front pincers)
 B - a ring of ice
 G - a ring of poison resistance (right front pincers)
 H - a ring of protection from fire
 J - a ring of protection from cold
 K - an amulet of the acrobat
Wands
 d - a wand of polymorph (9)
Scrolls
 g - 4 scrolls of magic mapping {unknown}
 s - 2 scrolls of immolation {unknown}
 t - 3 scrolls of enchant weapon {unknown}
 v - 5 scrolls of teleportation
 x - 5 scrolls of identify {unknown}
 z - 2 scrolls of fog {unknown}
 E - a scroll of noise {unknown}
Potions
 f - a potion of haste
 i - 6 potions of curing {unknown}
 k - 4 potions of flight {unknown}
 n - a potion of attraction {unknown}
 p - 2 potions of might
 q - a potion of magic {unknown}
 y - 5 potions of lignification
 L - a potion of degeneration {unknown}
 O - a potion of invisibility
 R - 2 potions of heal wounds {unknown}
 S - 2 potions of cancellation {unknown}


   Skills:
 - Level 5.0 Fighting
 * Level 3.4 Dodging
 - Level 10.0 Unarmed Combat
 - Level 4.0 Spellcasting
 - Level 4.0 Transmutations
 - Level 4.0 Ice Magic
 - Level 1.0 Poison Magic


You had 6 spell levels left.
You knew the following spells:

 Your Spells              Type           Power      Damage    Failure   Level
a - Beastly Appendage     Tmut           30%        N/A       4%          1
e - Wereblood             Tmut           15%        N/A       6%          2
p - Spider Form           Tmut/Pois      10%        N/A       16%         3
q - Ice Form              Ice/Tmut       15%        N/A       26%         4

Your spell library contained the following spells:

 Spells                   Type           Power      Damage    Failure   Level
 Magic Dart               Conj           12%        1d3       16%         1
 Poisonous Vapours        Pois/Air       8%         N/A       19%         2
 Cigotuvi's Dreadful Rot  Necr/Pois/Air  6%         N/A       21%         2
 Lesser Beckoning         Tloc           6%         N/A       21%         2
 Searing Ray              Conj           6%         2d4       21%         2
 Ignite Poison            Fire/Tmut/Pois 7%         N/A       22%         3
 Mephitic Cloud           Conj/Pois/Air  3%         N/A       32%         3
 Gell's Gravitas          Tloc           3%         N/A       36%         3
 Kindle Blastsparks       Fire/Tloc/Air  6%         2d10      36%         3
 Teleport Other           Tloc           3%         N/A       36%         3
 Summon Ice Beast         Ice/Summ       9%         N/A       45%         4
 Dispel Undead            Necr           3%         3d7       71%         4
 Fulminant Prism          Conj/Hex       1%         3d5       71%         4
 Iskenderun's Mystic Bla  Conj/Tloc      3%         2d3       71%         4
 Passage of Golubria      Tloc           3%         N/A       71%         4
 Freezing Cloud           Conj/Ice/Air   3%         6-21      85%         5
 Lee's Rapid Deconstruct  Erth           1%         3d4*      94%         5
 Silence                  Hex/Air        1%         N/A       94%         5
 Summon Mana Viper        Hex/Summ       3%         N/A       94%         5
 Death Channel            Necr           1%         N/A       100%        6
 Monstrous Menagerie      Summ           1%         N/A       100%        7
 Lehudib's Crystal Spear  Conj/Erth      1%         10d2      100%        8


Dungeon Overview and Level Annotations

Branches:
Dungeon (8/15)             Temple (1/1) D:4          Bailey (1/1)
   Lair: D:8-11

Altars:
Fedhas
Vehumet
Yredelemnul

Shops:
D:4 :


Message History

Casting: Spider Form (dangerous; 8% risk of failure)
Confirm with . or Enter, or press ? or * to list all spells.
You feel a surge of power!
You turn into a venomous arachnid creature.
Your staff of poison melds into your body.
Your +0 cloak melds into your body.
Your +0 helmet melds into your body.
Your +1 pair of boots melds into your body.
Your +2 robe of positive energy melds into your body.
You feel less protected from negative energy.
Press: ? - help, v - describe, . - travel
Here: an orc warlord, wielding a +6 battleaxe and wearing a +0 chain mail Some shallow water.
You feel yourself speed up.
You hit the orc warlord but do no damage.
The orc warlord is poisoned.
You completely miss the orc warlord.
The orc warlord is lightly wounded.
You hit the orc warlord.
The orc warlord is lightly wounded.
The orc warlord hits you with a +6 battleaxe!!
You hit the orc warlord.
The orc warlord looks as sick as possible!
The orc warlord is lightly wounded.
The orc warlord misses you.
Your transformation is almost over.
You hit the orc warlord but do no damage.
The orc warlord looks as sick as possible!
The orc warlord is lightly wounded.
The orc warlord hits you with a +6 battleaxe!
You hit the orc warlord.
The orc warlord is lightly wounded.
You hit the orc warlord but do no damage.
The orc warlord is lightly wounded.
The orc warlord hits you with a +6 battleaxe!!
There is an open door here.
You barely miss the orc warlord.
The orc warlord is lightly wounded.
The orc warlord hits you with a +6 battleaxe!!
You die...
Beogh appreciates the orc warlord's killing of a heretic priest.

##.......#######......
##..8..8...........8..8
#......................
#......................
#...8......#'''#......8
##......####~~~####....
♣##.....#~~~~~~~~~#....
♣.##..o.#~.8...8.~#.)).
♣♣..###s###.......###'##
♣...~~~.# ~.8...8.~~#.[~
♣♣...~~~÷#~.........~#.~~
♣∩...~~~.#~....∩....~#.~~
♣♣...~~÷.##.........##.~~
♣...~~~.#~..8...8..~#.~~
♣♣..###[#~.........~#'##
♣.##.))#~}!8...8!:~#...
♣##...)##~~#####~~##...


You could see an orc warlord (extremely poisoned).

Vanquished Creatures
  An orc knight (Bailey)
  Eustachio (D:5)
  A water moccasin (D:4)
  4 orc warriors
  4 ogres
  A black bear (D:4)
  An ice beast (D:7)
  A sky beast (D:6)
  A centaur (D:8)
  A phantom (D:5)
  Blork the orc (D:5)
  4 bullfrogs
  4 scorpions
  A gnoll sergeant (D:7)
  A howler monkey (D:6)
  2 jellies
  2 iguanas
  9 orc wizards
  3 adders
  5 gnolls
  3 white imps
  An ufetubus (D:6)
  A worm (D:3)
  2 dart slugs
  13 orcs
  6 endoplasms
  5 giant cockroaches
  8 goblins
  8 hobgoblins
  2 quokkas
  5 ball pythons
  A bat (D:1)
  2 frilled lizards
  18 kobolds
  8 rats
131 creatures vanquished.

Vanquished Creatures (others)
  3 orc priests (D:6)
  An orc wizard (D:6)
  An orc (D:6)
5 creatures vanquished.

Grand Total: 136 creatures vanquished

Notes
Turn   | Place    | Note
-------+----------+-------------------------------------------
     0 | D:1      | avis the Hill Orc Transmuter began the quest for the Orb.
     0 | D:1      | Reached XP level 1. HP: 16/16 MP: 3/3
   200 | D:1      | Reached XP level 2. HP: 24/24 MP: 4/4
   520 | D:1      | Reached skill level 4 in Unarmed Combat
   729 | D:2      | Reached XP level 3. HP: 29/29 MP: 5/5
   738 | D:2      | Learned a level 3 spell: Spider Form
  1285 | D:3      | Reached skill level 1 in Poison Magic
  1637 | D:4      | Found a staircase to the Ecumenical Temple.
  1730 | D:4      | Noticed a water moccasin
  1739 | D:4      | Reached XP level 4. HP: 28/36 MP: 7/7
  1812 | D:4      | Killed a water moccasin
  1813 | D:4      | Reached XP level 5. HP: 30/44 MP: 8/8
  1873 | D:4      | Learned a level 2 spell: Wereblood
  1939 | D:4      | Found Bepes's Book Shop.
  1996 | D:4      | Reached XP level 6. HP: 51/51 MP: 9/9
  2094 | D:4      | Reached skill level 5 in Unarmed Combat
  2304 | Temple   | Entered the Ecumenical Temple
  2346 | D:5      | Entered Level 5 of the Dungeon
  2346 | D:5      | Noticed a black bear
  2358 | D:4      | Reached skill level 6 in Unarmed Combat
  2392 | D:4      | Killed a black bear
  2393 | D:4      | Reached XP level 7. HP: 44/57 MP: 10/10
  2400 | D:4      | Learned a level 4 spell: Ice Form
  2501 | D:5      | Noticed Eustachio
  2547 | D:5      | Killed Eustachio
  2548 | D:5      | Reached skill level 1 in Ice Magic
  2621 | D:5      | Reached XP level 8. HP: 47/63 MP: 12/12
  2910 | D:5      | Noticed Blork the orc
  2920 | D:5      | Killed Blork the orc
  3371 | D:6      | Reached skill level 7 in Unarmed Combat
  3566 | D:6      | Reached skill level 8 in Unarmed Combat
  3566 | D:6      | Became a worshipper of Beogh the Brigand
  3572 | D:6      | Reached XP level 9. HP: 50/71 MP: 14/14
  4009 | Temple   | Upgraded the game from 0.30-a0-870-gc5d4c5acee to
                  | 0.30-a0-879-ga8ba668304
  4272 | D:7      | Reached skill level 5 in Fighting
  4342 | D:7      | Found a radiant altar of Vehumet.
  5138 | D:8      | Found a flagged portal.
  5146 | D:8      | Reached skill level 9 in Unarmed Combat
  5153 | Bailey   | Entered a bailey
  5181 | Bailey   | Noticed an orc warlord
  5248 | Bailey   | Noticed an orc knight
  5266 | Bailey   | Killed an orc knight
  5267 | Bailey   | Reached skill level 10 in Unarmed Combat
  5297 | Bailey   | Reached * piety under Beogh
  5518 | Bailey   | Found a runed translucent gate.
  5528 | Bailey   | Found a runed translucent gate.
  5528 | Bailey   | Found a runed translucent gate.
  5612 | Bailey   | Mangled by an orc warlord

Illustrated notes

Levels and vault maps discovered:
D:1:      dpeg_arrival_solitude, layout_rooms, minmay_tetromino_o4
D:2:      layout_rooms
D:3:      layout_loops_cross
D:4:      layout_rooms, minmay_temple_entry_mist, serial_shops, kennysheep_mini
D:5:      layout_rooms, uniq_eustachio, uniq_blork_the_orc
D:6:      minmay_flawed_box, layout_rooms
D:7:      layout_basic, overflow_temple_1_default, minivault_27,
          grunt_decor_arrowhead
D:8:      layout_basic, david_lair_generic, enter_bailey_1
Temple:   nicolae_temple_bog_church
Bailey:   bailey_axe_bossmonster_kennysheep, bailey

Skill      XL: |  1  2  3  4  5  6  7  8  9 |
---------------+----------------------------+-----
Fighting       | 2 3 4 5 |  5.0
Unarmed Combat | 4 6 8 10 | 10.0
Poison Magic   | 1 |  1.0
Transmutations | 2 3 4 |  4.0
Spellcasting   | 2 3 4 |  4.0
Dodging        | 2 3 |  3.4
Ice Magic      | 2 4 |  4.0

Action                     |  1- 3 |  4- 6 |  7- 9 || total
---------------------------+-------+-------+-------++-------
  Melee: Hand axe          |    69 |       |       ||    69
         Staff             |    80 |     1 |     1 ||    82
         Unarmed           |    13 |    60 |   228 ||   301
         Punch             |     1 |       |     1 ||     2
   Fire: Shortbow          |       |       |    37 ||    37
   Cast: Spider Form       |     3 |     8 |    33 ||    44
         Ice Form          |       |       |     2 ||     2
 Invoke: Convert to Beogh  |       |       |     1 ||     1
Ability: End Transformatio |       |       |     1 ||     1
  Evoke: Wand              |       |       |     2 ||     2
    Use: Scroll            |       |     1 |     1 ||     2
         Potion            |       |       |     1 ||     1
   Stab: Sleeping          |     1 |       |       ||     1
 Armour: Robe              |    27 |    10 |    16 ||    53
         Skin              |     1 |     4 |    16 ||    21
  Dodge: Dodged            |   113 |    58 |   215 ||   386

Table legend: (Time is in decaauts)
 A = Elapsed time spent in this place.
 B = Non-inter-level travel time spent in this place.
 C = Inter-level travel time spent in this place.
 D = Time resting spent in this place.
 E = Time spent auto-exploring this place.
 F = Levels seen in this place.
 G = Mean time per level.
                   A        B        C        D        E       F      G
               +--------+--------+--------+--------+--------+-----+--------+
         Total |   5636 |   4998 |    638 |    491 |   2252 |  10 |  563.6 |
       Dungeon |   5138 |   4502 |    636 |    362 |   2252 |   8 |  642.2 |
        Temple |     32 |     30 |      2 |      0 |      0 |   1 |   32.0 |
        Bailey |    466 |    466 |      0 |    129 |      0 |   1 |  466.0 |
               +--------+--------+--------+--------+--------+-----+--------+

Top non-repeatable levels by time:
     D:4: 849 daAuts
     D:7: 844 daAuts
     D:3: 762 daAuts
     D:5: 756 daAuts
     D:6: 750 daAuts
     D:1: 532 daAuts
     D:2: 489 daAuts
  Bailey: 466 daAuts
     D:8: 153 daAuts
  Temple: 32 daAuts
